 Dungeon Crawl Stone Soup version 0.29-a0-355-g7276a9ff7f (webtiles) character file.

Game seed: 6334983127836574613

219 Enlil the Sneak (level 5, -14/28 HPs)
             Began as a Gargoyle Enchanter on Apr 25, 2022.
             Demolished by an ogre
             ... wielding a +0 giant spiked club
              (30 damage)
             ... on level 4 of the Dungeon.
             The game lasted 00:12:57 (3596 turns).

Enlil the Sneak (Gargoyle Enchanter)                Turns: 3596, Time: 00:12:58

Health: -14/28     AC: -4    Str: 14    XL:     5   Next: 96%
Magic:  6/9        EV: 11    Int: 15    God:
Gold:   144        SH:  0    Dex: 10    Spells: 6/9 levels left

rFire   x . .      SeeInvis .   a - +2 dagger
rCold   + . .      Faith    .   (no shield)
rNeg    + . .      Spirit   .   m - +0 leather armour
rPois   ∞          Reflect  .   (no helmet)
rElec   +          Harm     .   (no cloak)
rCorr   .          Rampage  .   (no gloves)
Will    .....      Rnd*Tele +   (no boots)
Stlth   ++........              g - amulet of regeneration
HPRegen 0.89/turn               h - ring of ice
MPRegen 0.11/turn               (no ring)

@: corroded, very slightly contaminated, unable to read
A: sickness immunity, AC +4, negative energy resistance 1, electricity
resistance, torment resistance 1, petrification resistance, teleportitis 1, no
potion heal 1, inability to read while threatened
a: no special abilities


You were on level 4 of the Dungeon.
You visited 1 branch of the dungeon, and saw 4 of its levels.

You collected 144 gold pieces.

Inventory:

Hand Weapons
 a - a +2 dagger (weapon)
Missiles
 e - 13 poisoned darts (quivered)
 t - 2 throwing nets
Armour
 b - a +0 robe
 m - a +0 leather armour (worn)
Jewellery
 g - an amulet of regeneration (around neck)
 h - a ring of ice (left hand)
 p - a ring of magical power
 r - an amulet of magic regeneration
Scrolls
 i - 2 scrolls of summoning
 j - 2 scrolls of teleportation
 l - 2 scrolls of amnesia
 o - a scroll of identify
 s - a scroll of enchant weapon
Potions
 c - a potion of invisibility
 d - 3 potions of lignification
 f - 2 potions of curing
 n - a potion of attraction {unknown}
 q - a potion of might


   Skills:
 + Level 2.2 Short Blades
 + Level 1.4 Armour
 + Level 2.4 Dodging
 + Level 4.3 Stealth
 + Level 2.9 Spellcasting
 + Level 3.5 Hexes


You had 6 spell levels left.
You knew the following spells:

 Your Spells              Type           Power      Damage    Failure   Level
a - Confusing Touch       Hex            12%        N/A       19%         3

Your spell library contained the following spells:

 Spells                   Type           Power      Damage    Failure   Level
 Ensorcelled Hibernation  Hex/Ice        22%        N/A       19%         2
 Tukima's Dance           Hex            12%        N/A       19%         3
 Dazzling Flash           Conj/Hex       14%        N/A       36%         3


Dungeon Overview and Level Annotations

Branches:
Dungeon (4/15)
 Temple: D:4-7

Altars:
Elyvilon
Xom


Innate Abilities, Weirdness & Mutations

You are immune to sickness and miasma.
Your stone body is resilient. (AC +4)
You are immune to poison.
You resist negative energy. (rN+)
You are resistant to electric shocks. (rElec)
You are resistant to unholy torment.
You are immune to petrification.
You are occasionally teleported next to monsters.
Potions are less effective at restoring your health.
You sometimes lose the ability to read scrolls when taking damage.


Message History

The jelly hits you.
You are splashed with acid.
You hit the jelly. The acid corrodes you!
Your hands burn!
You feel threatened and lose the ability to read scrolls!
The jelly is heavily wounded.
The jelly barely misses you.
You hit the jelly. The acid corrodes you!
Your hands burn!
The jelly is severely wounded.
An ogre comes into view. It is wielding a +0 giant spiked club.
The jelly hits you.
You are splashed with acid.
* * * LOW HITPOINT WARNING * * *
Your system partially rejects the healing.
You feel much better.
The ogre shouts!
The jelly closely misses you.
You hit the jelly but do no damage.
Your hands burn!
The jelly is severely wounded.
The jelly barely misses you.
You hit the jelly but do no damage.
Your hands burn!
The jelly is severely wounded.
Casting: Confusing Touch (quite dangerous; 19% risk of failure)
Confirm with . or Enter, or press ? or * to list all spells.
You don't know that spell.
Casting: Confusing Touch (quite dangerous; 19% risk of failure)
Confirm with . or Enter, or press ? or * to list all spells.
The spell is quite dangerous to miscast (19% risk of failure)!
Continue anyway?
You miscast Confusing Touch.
You are very lightly contaminated with residual magic.
Nothing appears to happen.
The jelly barely misses you.
You hit the jelly.
Your hands burn!
* * * LOW HITPOINT WARNING * * *
The jelly is severely wounded.
The jelly hits you.
* * * LOW HITPOINT WARNING * * *
The acid corrodes you!
You are splashed with acid.
* * * LOW HITPOINT WARNING * * *
Your system partially rejects the healing.
You feel much better.
The ogre hits you with a +0 giant spiked club!!
Ouch! That really hurt!
You die...

#..##.#.#.##.# .#
#.....).†....#..#
###.#......?.#..####
#.########........ #
#.####### .# #
#######...>....
..^#.##........######
......O.#####.##
......J@......#
.#............#
#.#.########## #


You could see an ogre and a jelly.

Vanquished Creatures
  Pargi (D:3)
  A jelly (D:4)
  2 adders
  A worm (D:3)
  2 orcs (D:3)
  3 endoplasms
  4 giant cockroaches
  8 goblins
  7 hobgoblins
  7 jackals (D:1)
  8 kobolds
  3 quokkas
  9 ball pythons
  4 bats
  2 frilled lizards (D:2)
  6 rats
68 creatures vanquished.

Vanquished Creatures (others)
  5 toadstools (D:1)
5 creatures vanquished.

Grand Total: 73 creatures vanquished

Notes
Turn   | Place    | Note
-------+----------+-------------------------------------------
     0 | D:1      | Enlil the Gargoyle Enchanter began the quest for the Orb.
     0 | D:1      | Reached XP level 1. HP: 10/10 MP: 3/3
    37 | D:1      | Reached skill level 1 in Short Blades
   506 | D:1      | Reached XP level 2. HP: 15/15 MP: 5/5
   963 | D:1      | Reached XP level 3. HP: 18/19 MP: 6/6
  1029 | D:1      | Found a faded altar of an unknown god.
  2099 | D:2      | Reached XP level 4. HP: 11/24 MP: 7/7
  2335 | D:2      | Learned a level 3 spell: Confusing Touch
  2695 | D:3      | Found a white marble altar of Elyvilon.
  2778 | D:3      | Gained mutation: Potions are less effective at restoring
                  | your health. [potion of mutation]
  2778 | D:3      | Gained mutation: You are occasionally teleported next to
                  | monsters. [potion of mutation]
  2778 | D:3      | Gained mutation: You sometimes lose the ability to read
                  | scrolls when taking damage. [potion of mutation]
  3076 | D:3      | Noticed Pargi
  3306 | D:3      | Killed Pargi
  3307 | D:3      | Reached skill level 1 in Armour
  3307 | D:3      | Reached skill level 4 in Stealth
  3307 | D:3      | Reached XP level 5. HP: 22/28 MP: 4/9
  3455 | D:3      | Found a shimmering altar of Xom.
  3590 | D:4      | Noticed an ogre
  3595 | D:4      | HP: 1/28 [acid (6)]
  3596 | D:4      | Demolished by an ogre

Illustrated notes

Levels and vault maps discovered:
D:1:      ldierk_walled_garden, layout_basic, dreamdust_ecumenical_altar_statues
D:2:      layout_basic
D:3:      layout_basic, elyvilon_altar_1, mainiacjoe_overflow_alcove_4,
          kennysheep_donut, uniq_pargi
D:4:      layout_loops_ring, portal_sewer_entry_a

Skill      XL: |  1  2  3  4 |
---------------+-------------+-----
Short Blades   | 1 2 |  2.2
Hexes          | 3 |  3.5
Dodging        | 2 |  2.4
Armour         | 1 |  1.4
Stealth        | 4 |  4.3
Spellcasting   | |  2.9

Action                   |  1- 3 |  4- 6 || total
-------------------------+-------+-------++-------
Melee: Dagger            |   203 |   114 ||   317
       Punch             |       |     2 ||     2
 Cast: Confusing Touch   |       |     4 ||     4
  Use: Scroll            |     5 |     4 ||     9
       Potion            |     3 |     6 ||     9
 Stab: Sleeping          |     5 |     4 ||     9
       Confused          |       |     2 ||     2
Armor: Robe              |    53 |    12 ||    65
       Leather armour    |       |    17 ||    17
Dodge: Dodged            |   147 |    62 ||   209

Table legend: (Time is in decaauts)
 A = Elapsed time spent in this place.
 B = Non-inter-level travel time spent in this place.
 C = Inter-level travel time spent in this place.
 D = Time resting spent in this place.
 E = Time spent auto-exploring this place.
 F = Levels seen in this place.
 G = Mean time per level.
                   A        B        C        D        E       F      G
               +--------+--------+--------+--------+--------+-----+--------+
         Total |   3573 |   3553 |     20 |   1334 |   1093 |   4 |  893.2 |
       Dungeon |   3573 |   3553 |     20 |   1334 |   1093 |   4 |  893.2 |
               +--------+--------+--------+--------+--------+-----+--------+

Top non-repeatable levels by time:
     D:1: 1885 daAuts
     D:3: 919 daAuts
     D:2: 711 daAuts
     D:4: 57 daAuts
